Map: Persephone LE

Players

Ulala

  • Race: Protoss Protoss
  • League: Silver
  • Spawn Location: 7:00

Sindyr - Winner!

  • Race: Terran Terran
  • League: Master
  • Spawn Location: 11:00

VOD

Have the link to the VOD?

Description

Time

  • Played on: Oct. 6, 2025, 9:19 p.m.
  • Length: 30:25
Show
View Real Time Build Order
Export as new Build Order

Ulala Protoss 

Build Orders:  

Get SALT Encoding   

  1  0:00  Probe  
  13  0:08  Probe  
  14  0:19  Pylon  
  14  0:22  Probe  
  15  0:37  Probe  
  17  0:50  Probe  
  17  0:53  Forge  
  17  1:00  Pylon  
  17  1:02  Probe  
  18  1:09  Gateway  
  18  1:13  Probe  
  19  1:21  Probe  
  20  1:29  Assimilator  
  20  1:35  Pylon  
  20  1:44  Pylon  
  20  1:49  Photon Cannon  
  20  1:58  Photon Cannon  
  20  2:06  Zealot  
  20  2:07  Probe  
  21  2:09  Pylon  
  22  2:15  Probe  
  22  2:16  Assimilator  
  23  2:29  Photon Cannon  
  23  2:31  Probe  
  24  2:43  Probe  
  25  2:44  Pylon  
  25  2:55  Probe  
  25  2:58  Photon Cannon  
  26  3:04  Zealot  
  28  3:08  Probe  
  28  3:11  Photon Cannon  
  29  3:22  Pylon  
  27  3:29  Photon Cannon  
  27  3:35  Photon Cannon  
  27  3:40  Pylon  
  27  3:46  Pylon  
  26  4:00  Probe  
  26  4:03  Zealot  
  26  4:07  Photon Cannon  
  26  4:08  Probe  
  30  4:18  Photon Cannon  
  30  4:24  Cybernetics Core  
  28  4:28  Pylon  
  28  4:35  Protoss Ground Armor Level 1  
  28  4:41  Pylon  
  28  4:45  Assimilator  
  28  4:51  Pylon  
  28  5:04  Probe, Shield Battery  
  28  5:12  Probe  
  28  5:29  Gateway  
  28  5:36  Probe  
  28  5:42  Stargate  
  29  5:46  Probe  
  29  5:49  Twilight Council  
  30  5:52  Pylon  
  30  5:54  Probe  
  30  6:02  Stalker, Probe  
  31  6:06  Pylon  
  34  6:14  Probe  
  34  6:15  Stalker  
  35  6:23  Pylon  
  37  6:30  Probe  
  37  6:32  Gateway  
  37  6:37  Protoss Shields Level 1  
  38  6:43  Probe  
  38  6:44  Dark Shrine  
  39  6:55  Probe  
  39  6:57  Stalker  
  42  7:07  Probe  
  43  7:14  Oracle  
  46  7:19  Probe  
  47  7:31  Probe  
  47  7:44  Zealot  
  47  7:49  Pylon  
  49  7:53  Photon Cannon  
  49  8:03  Dark Templar  
  49  8:07  Gateway  
  49  8:27  Dark Templar  
  53  8:34  Dark Templar  
  55  8:55  Dark Templar  
  55  9:17  Dark Templar  
  55  9:39  Nexus  
  53  10:00  Pylon  
  53  10:06  Dark Templar  
  55  10:16  Dark Templar  
  55  10:32  Photon Cannon  
  55  10:47  Dark Templar  
  57  10:57  Pylon  
  57  11:05  Assimilator  
  57  11:07  Pylon  
  57  11:18  Dark Templar  
  57  11:26  Photon Cannon  
  57  11:29  Gateway  
  57  11:32  Photon Cannon  
  57  11:36  Assimilator  
  57  11:40  Shield Battery  
  57  11:46  Gateway  
  57  11:50  Photon Cannon  
  55  11:55  Probe  
  54  12:03  Probe  
  54  12:08  Dark Templar  
  57  12:12  Dark Templar  
  59  12:17  Dark Templar  
  65  12:23  Probe  
  65  12:27  Void Ray  
  66  12:35  Probe  
  66  12:36  Shield Battery  
  66  12:43  Probe  
  67  12:45  Dark Templar  
  67  12:50  Photon Cannon  
  70  13:02  Fleet Beacon  
  68  13:17  Robotics Facility  
  68  13:20  Pylon  
  68  13:22  Probe  
  69  13:30  Probe, Stargate  
  70  13:38  Pylon  
  70  13:40  Probe, Pylon  
  70  13:45  Dark Templar  
  69  13:52  Probe  
  69  13:54  Nexus  
  70  13:58  Pylon  
  70  14:04  Probe  
  70  14:06  Observer  
  72  14:12  Dark Templar  
  72  14:16  Pylon  
  74  14:20  Photon Cannon  
  74  14:22  Pylon  
  74  14:24  Observer  
  74  14:29  Photon Cannon  
  75  14:38  Shield Battery  
  75  14:42  Dark Templar  
  77  14:50  Pylon  
  76  15:11  Photon Cannon  
  76  15:12  Probe  
  74  15:20  Probe  
  73  15:22  Shield Battery  
  73  15:25  Photon Cannon  
  74  15:30  Photon Cannon, Probe  
  74  15:35  Assimilator  
  73  15:38  Pylon  
  68  15:47  Photon Cannon  
  68  15:50  Shield Battery  
  68  15:54  Assimilator  
  68  15:57  Shield Battery  
  68  16:00  Photon Cannon  
  68  16:04  Pylon  
  68  16:08  Photon Cannon  
  68  16:15  Dark Templar  
  68  16:20  Probe  
  68  16:22  Dark Templar  
  71  16:28  Probe  
  72  16:34  Pylon  
  72  16:37  Shield Battery  
  72  16:38  Probe  
  72  16:40  Gateway  
  73  16:47  Stargate  
  73  16:50  Probe  
  74  16:58  Stalker  
  76  17:02  Probe  
  76  17:04  Stargate  
  76  17:08  Pylon  
  73  17:13  Pylon  
  73  17:14  Probe  
  78  17:25  Pylon  
  78  17:26  Probe  
  74  17:30  Pylon  
  74  17:34  Photon Cannon  
  74  17:35  Pylon  
  73  17:39  Probe  
  74  17:46  Forge  
  74  17:49  Observer  
  76  18:01  Void Ray  
  76  18:04  Cybernetics Core  
  72  18:09  Forge  
  72  18:11  Probe  
  70  18:13  Nexus  
  70  18:19  Probe  
  71  18:23  Photon Cannon  
  71  18:25  Nexus  
  72  18:30  Zealot  
  74  18:50  Photon Cannon  
  74  18:52  Pylon  
  60  19:07  Pylon  
  52  19:14  Probe  
  52  19:15  Pylon  
  52  19:22  Probe  
  46  19:30  Photon Cannon  
  43  19:32  Probe, Pylon  
  43  19:35  Photon Cannon  
  42  19:43  Probe  
  42  19:44  Stalker  
  43  19:46  Stalker  
  43  19:48  Pylon  
  43  19:51  Probe  
  47  19:59  Probe x2  
  47  20:06  Photon Cannon  
  46  20:13  Shield Battery, Stalker  
  46  20:16  Pylon  
  48  20:28  Pylon  
  48  20:31  Shield Battery  
  48  20:33  Assimilator  
  48  20:39  Pylon  
  48  20:44  Shield Battery  
  48  20:45  Pylon  
  48  20:51  Shield Battery  
  48  20:54  Photon Cannon  
  48  20:59  Probe  
  48  21:00  Gateway  
  49  21:08  Probe  
  49  21:12  Probe  
  49  21:13  Pylon  
  49  21:15  Assimilator  
  49  21:17  Probe  
  51  21:20  Probe  
  53  21:30  Twilight Council, Probe  
  54  21:32  Pylon  
  54  21:41  Stalker  
  54  21:42  Probe  
  54  21:43  Stalker  
  59  21:48  Stalker  
  59  21:49  Probe  
  62  21:57  Probe  
  62  22:00  Pylon  
  63  22:03  Photon Cannon  
  63  22:05  Probe  
  63  22:08  Robotics Facility  
  63  22:10  Assimilator  
  63  22:13  Probe  
  64  22:21  Probe  
  62  22:32  Nexus  
  55  22:41  Dark Shrine  
  55  22:43  Pylon  
  44  22:56  Cybernetics Core  
  44  22:59  Gateway  
  44  23:02  Pylon  
  44  23:08  Probe  
  44  23:10  Zealot  
  45  23:17  Probe  
  45  23:23  Immortal  
  45  23:25  Probe  
  50  23:33  Probe  
  51  23:36  Photon Cannon  
  52  23:42  Stalker  
  52  23:43  Probe  
  55  23:50  Protoss Ground Weapons Level 1  
  55  23:55  Probe  
  56  24:02  Stargate  
  56  24:06  Photon Cannon  
  56  24:07  Probe  
  56  24:15  Probe  
  57  24:21  Pylon  
  58  24:25  Probe  
  58  24:26  Shield Battery  
  58  24:28  Probe  
  58  24:29  Gateway  
  55  24:32  Assimilator  
  55  24:37  Probe  
  57  24:44  Stargate  
  57  24:48  Photon Cannon  
  57  24:49  Pylon  
  57  24:52  Pylon  
  58  25:01  Stalker  
  56  25:09  Dark Shrine  
  56  25:13  Pylon  
  56  25:15  Pylon  
  56  25:24  Nexus  
  56  25:28  Probe  
  54  25:36  Probe  
  54  25:38  Forge  
  54  25:39  Pylon  
  54  25:40  Pylon  
  47  25:43  Probe, Assimilator  
  47  25:45  Zealot  
  47  25:46  Probe  
  51  25:53  Observer  
  52  25:58  Probe  
  53  26:10  Probe  
  54  26:12  Immortal  
  54  26:13  Forge  
  54  26:15  Pylon  
  57  26:22  Photon Cannon  
  57  26:28  Pylon  
  57  26:34  Dark Templar  
  57  26:36  Pylon  
  59  26:43  Pylon  
  58  26:47  Photon Cannon  
  55  27:04  Probe  
  55  27:07  Pylon  
  55  27:13  Photon Cannon  
  55  27:16  Probe  
  55  27:18  Pylon  
  53  27:38  Robotics Bay  
  53  27:40  Pylon  
  51  27:45  Pylon  
  51  27:53  Pylon  
  51  28:01  Probe, Immortal  
  51  28:03  Zealot  
  58  28:09  Probe  
  58  28:19  Probe  
  60  28:35  Cybernetics Core  
  12  29:00  Nexus  
  7  29:45  Pylon  
Show
View Real Time Build Order
Export as new Build Order

Sindyr Terran - Winner!

Build Orders:  

Get SALT Encoding   

  12  0:03  SCV  
  13  0:15  SCV  
  13  0:20  Supply Depot  
  14  0:28  SCV  
  15  0:42  SCV  
  16  0:43  Barracks  
  16  0:48  Refinery  
  16  0:57  SCV  
  17  1:09  SCV  
  18  1:34  Marine  
  18  1:37  Supply Depot  
  19  1:52  Marine  
  20  1:57  Barracks  
  20  2:10  Marine  
  20  2:28  Marine  
  21  2:45  Marine  
  22  2:55  Refinery  
  22  2:57  Refinery  
  22  3:03  Marine  
  23  3:10  Barracks Reactor  
  22  3:32  Marine  
  19  3:49  Marine  
  19  4:05  Orbital Command  
  19  4:07  Marine  
  20  4:20  Marine x2  
  22  4:25  Marine  
  23  4:36  SCV  
  23  4:38  Marine  
  25  4:48  SCV  
  25  4:55  Marine x2  
  25  5:00  SCV  
  26  5:12  SCV  
  27  5:20  Marine x3  
  30  5:24  SCV  
  29  5:36  SCV  
  30  5:48  SCV  
  31  5:54  Command Center  
  31  6:01  Supply Depot  
  31  6:18  Supply Depot  
  31  6:22  SCV  
  31  6:24  Marine x2  
  34  6:27  Barracks Tech Lab  
  34  6:34  SCV  
  34  6:37  Engineering Bay  
  35  6:46  SCV  
  36  6:57  Factory  
  36  6:59  SCV  
  37  7:08  Command Center  
  37  7:11  SCV  
  37  7:14  Stimpack  
  38  7:20  Orbital Command  
  38  7:23  SCV  
  39  7:35  SCV  
  40  7:47  SCV  
  40  7:49  SCV  
  39  7:59  SCV  
  39  8:00  Factory Tech Lab  
  39  8:01  SCV  
  39  8:04  Terran Infantry Weapons Level 1  
  41  8:11  SCV  
  42  8:13  SCV  
  43  8:23  Planetary Fortress, SCV  
  43  8:25  SCV  
  45  8:35  SCV  
  45  8:36  Refinery  
  45  8:38  SCV, Refinery  
  47  8:42  Starport  
  47  8:47  SCV  
  48  8:50  SCV  
  48  8:53  Sensor Tower  
  45  8:56  Marine x3  
  45  9:00  SCV  
  45  9:02  SCV  
  46  9:04  Missile Turret x2  
  46  9:07  Missile Turret  
  40  9:12  SCV  
  40  9:14  Marine x3, SCV  
  36  9:31  Marine  
  36  9:32  Marine x2  
  33  9:49  Marine x2  
  33  9:50  Marine  
  33  9:52  Missile Turret  
  36  9:55  Missile Turret  
  36  10:01  SCV  
  37  10:07  Marine x3  
  37  10:13  SCV  
  41  10:21  SCV  
  41  10:22  Missile Turret  
  41  10:25  SCV, Marine  
  41  10:26  Marauder  
  46  10:34  SCV, Missile Turret  
  47  10:37  SCV  
  47  10:38  Terran Infantry Armor Level 1  
  47  10:40  SCV  
  49  10:46  SCV  
  49  10:49  SCV  
  51  10:52  SCV  
  52  10:58  SCV  
  52  11:00  Missile Turret  
  52  11:01  SCV  
  54  11:04  Armory  
  54  11:05  SCV  
  54  11:10  SCV  
  56  11:13  SCV  
  57  11:22  SCV  
  57  11:25  Starport, SCV  
  58  11:30  Refinery  
  59  11:34  SCV  
  59  11:37  SCV  
  61  11:44  Barracks Reactor  
  61  11:46  SCV  
  58  12:19  Missile Turret  
  58  12:22  Missile Turret  
  58  12:23  Missile Turret  
  58  12:24  Sensor Tower  
  58  12:26  SCV  
  59  12:34  Medivac  
  59  12:35  Medivac  
  63  12:38  SCV  
  63  12:42  Terran Infantry Weapons Level 2  
  63  12:43  Starport  
  64  12:46  Starport Tech Lab  
  64  12:50  SCV  
  65  12:55  Barracks  
  65  12:59  Barracks  
  65  13:02  Marine x3, SCV  
  65  13:04  Medivac  
  71  13:14  SCV  
  71  13:19  Missile Turret  
  72  13:20  Marine x3  
  72  13:24  Raven  
  77  13:33  Starport Reactor  
  77  13:36  Combat Shield  
  77  13:40  Terran Ship Weapons Level 1  
  77  13:49  Viking x2, SCV  
  82  13:58  Marine  
  82  14:01  Barracks Reactor, SCV  
  84  14:03  Marine  
  84  14:04  Marine  
  84  14:06  Command Center  
  84  14:08  Thor  
  92  14:13  SCV  
  92  14:15  Marine  
  93  14:33  Refinery  
  93  14:38  Supply Depot x3  
  93  14:40  Supply Depot  
  93  14:43  SCV  
  93  14:44  Marine  
  93  14:47  Marauder  
  90  14:55  SCV  
  88  15:07  SCV  
  88  15:08  Marine x2  
  88  15:09  Marine x2, Marauder  
  88  15:10  Thor  
  88  15:13  Viking x2  
  105  15:26  Marine x2  
  107  15:30  Marauder  
  109  15:52  Marauder  
  111  16:00  Marine  
  111  16:01  Marine x3  
  115  16:05  Command Center  
  115  16:07  Viking x2  
  119  16:13  Terran Infantry Armor Level 2, Marauder  
  119  16:17  Terran Vehicle And Ship Armor Level 1  
  119  16:18  Marine x2  
  121  16:19  Marine  
  124  16:32  Barracks Tech Lab  
  124  16:41  Supply Depot  
  124  16:43  Supply Depot  
  124  16:49  Marauder  
  126  17:10  Marauder  
  127  17:16  SCV x3  
  127  17:22  Orbital Command  
  129  17:28  SCV x2  
  131  17:33  Factory  
  131  17:36  Factory  
  129  17:54  Marine  
  129  17:55  Marine x3, Marauder x2  
  146  18:11  Terran Vehicle Weapons Level 1  
  146  18:12  Marine x2  
  147  18:13  Marine x2  
  147  18:16  Marauder  
  147  18:17  Marauder  
  145  18:23  Factory Tech Lab  
  145  18:24  Factory Tech Lab  
  145  18:29  Terran Infantry Weapons Level 3  
  145  18:30  Marine x3  
  145  18:31  Marine  
  149  18:35  SCV  
  149  18:38  Marine, Marauder, SCV  
  154  18:47  SCV  
  154  18:48  Marine x3  
  156  18:50  SCV  
  159  18:56  Marauder  
  159  18:59  SCV, Marauder  
  159  19:02  SCV  
  158  19:11  SCV  
  158  19:12  Marine  
  158  19:13  Marine x3  
  158  19:14  SCV  
  162  19:17  Marauder  
  162  19:21  Marauder  
  162  19:23  SCV  
  167  19:27  SCV  
  167  19:30  Marine  
  167  19:31  Marine x3  
  169  19:39  Marauder  
  169  19:41  Marine  
  169  19:45  Refinery  
  172  19:46  Refinery  
  172  19:51  Starport  
  172  19:53  Starport  
  172  19:59  Starport  
  172  20:04  Terran Ship Weapons Level 2  
  172  20:38  Command Center  
  172  20:49  Starport Tech Lab  
  172  20:50  Starport Tech Lab  
  172  20:55  Starport Tech Lab, Missile Turret  
  172  20:58  Missile Turret  
  172  20:59  Missile Turret  
  172  21:03  Missile Turret  
  172  21:06  Terran Infantry Armor Level 3  
  172  21:08  Sensor Tower  
  172  21:17  Fusion Core  
  172  21:33  Marine  
  173  22:20  Terran Vehicle And Ship Armor Level 2  
  164  22:42  Battlecruiser x2  
  164  22:43  Battlecruiser x2  
  188  22:53  Refinery  
  188  22:55  Refinery  
  188  22:59  Missile Turret  
  188  23:00  Missile Turret  
  188  23:01  Missile Turret x2  
  187  23:22  Weapon Refit  
  187  23:34  Orbital Command  
  187  23:55  Battlecruiser x2  
  199  24:27  Missile Turret  
  199  24:28  Missile Turret  
  198  24:36  Terran Vehicle Weapons Level 2  
  197  25:48  Orbital Command  
  197  26:08  Armory  
  197  26:13  Armory  
  197  26:52  Terran Ship Weapons Level 3  
  197  27:32  Command Center  
  197  27:38  Terran Vehicle Weapons Level 3, Terran Vehicle And Ship Armor Level 3  
  197  27:48  Refinery  
  197  27:51  Refinery  
  194  28:42  Marine x5  
  194  28:43  Marauder  
  195  29:00  Marine x4  
  199  29:18  Marine  
  200  30:02  Command Center  
Tags
 
Matchup
PvT
Replay Pack
Multiplayer
Spawn Locations
Close Positions
Add a new tag
Caveats
  • Supply blocks, unpowered buildings, or Contaminate may cause inaccurate times.
  • Supply counts are checked every 10 seconds.